 Dungeon Crawl Stone Soup version 0.30.2 (webtiles) character file.

Game seed: 12763409921703495754

380 Ashen the Magician (level 6, -2/66 HPs)
             Began as a Gnoll Hedge Wizard on Jan 28, 2024.
             Succumbed to a gnoll's poison
             ... on level 4 of the Dungeon.
             The game lasted 00:07:30 (3841 turns).

Ashen the Magician (Gnoll Hedge Wizard)             Turns: 3841, Time: 00:07:31

Health: -2/66      AC:  3    Str:  9    XL:     6   Next: 75%
Magic:  3/16       EV: 12    Int: 16    God:
Gold:   150        SH:  4    Dex: 11    Spells: 14/20 levels left

rFire   . . .        u - +0 dagger (venom)
rCold   . . .        p - +0 buckler
rNeg    . . .        b - +0 robe
rPois   .            y - +0 helmet
rElec   .            m - scarf {repulsion}
rCorr   .            (no gloves)
SInv    .            (no boots)
Will    .....        (no amulet) Stlth
                     (no ring)
HPRegen 0.31/turn    (no ring)
MPRegen 0.15/turn

%: repel missiles
@: berserking, lethally poisoned (-2 -> -20), very slightly contaminated, very
quick
A: fangs 1, strong nose, distributed training
a: no special abilities


You were on level 4 of the Dungeon.
You visited 1 branch of the dungeon, and saw 4 of its levels.

You collected 172 gold pieces.
You spent 22 gold pieces at shops.

Inventory:

Hand Weapons
 o - a +1 whip of freezing
 u - a +0 dagger of venom (weapon)
Armour
 b - a +0 robe (worn)
 m - a scarf of repulsion (worn)
 p - a +0 buckler (worn)
 y - a +0 helmet (worn)
Jewellery
 e - an amulet of magic regeneration
 i - a ring of positive energy
 l - a ring of flight
Scrolls
 c - a scroll of magic mapping {unknown}
 f - a scroll of torment {unknown}
 h - 3 scrolls of teleportation {unknown}
 j - a scroll of noise {unknown}
 q - a scroll of fear {unknown}
 r - 3 scrolls of identify
 s - a scroll of enchant armour {unknown}
 w - a scroll of immolation {unknown}
 x - a scroll of fog {unknown}
Potions
 a - a potion of degeneration {unknown}
 d - a potion of magic
 g - a potion of heal wounds {unknown}
 k - a potion of attraction {unknown}
 n - 4 potions of berserk rage
 t - a potion of cancellation {unknown}
 v - a potion of brilliance {unknown}


   Skills:
 + Level 2.2 Fighting
 + Level 2.2 Short Blades
 + Level 2.2 Long Blades
 + Level 2.2 Axes
 + Level 2.2 Maces & Flails
 + Level 2.2 Polearms
 + Level 2.2 Staves
 + Level 2.2 Ranged Weapons
 + Level 2.2 Throwing
 + Level 2.2 Armour
 + Level 5.1 Dodging
 + Level 4.7 Stealth
 + Level 2.2 Shields
 + Level 2.2 Unarmed Combat
 + Level 7.5 Spellcasting
 + Level 2.8 Conjurations
 + Level 1.7 Hexes
 + Level 2.8 Summonings
 + Level 1.7 Necromancy
 + Level 2.8 Translocations
 + Level 1.7 Transmutations
 + Level 1.7 Fire Magic
 + Level 1.7 Ice Magic
 + Level 1.7 Air Magic
 + Level 1.7 Earth Magic
 + Level 1.7 Poison Magic
 + Level 2.4 Invocations
 + Level 2.2 Evocations


You had 14 spell levels left.
You knew the following spells:

 Your Spells              Type           Power      Damage    Failure   Level
a - Magic Dart            Conj           60%        1d6       5%          1
b - Blink                 Tloc           30%        N/A       9%          2
c - Mephitic Cloud        Conj/Pois/Air  12%        N/A       22%         3

Your spell library contained the following spells:

 Spells                   Type           Power      Damage    Failure   Level
 Slow                     Hex            44%        N/A       9%          1
 Call Imp                 Summ           30%        N/A       9%          2
 Static Discharge         Conj/Air       26%        2-4/arc   11%         2
 Cigotuvi's Dreadful Rot  Necr/Pois/Air  22%        N/A       13%         2
 Summon Lightning Spire   Summ/Air       13%        N/A       56%         4
 Airstrike                Air            5%         2d(1-17)  65%         4


Dungeon Overview and Level Annotations

Branches:
Dungeon (4/15)
 Temple: D:4-7

Altars:
Dithmenos
Fedhas
Kikubaaqudgha
Uskayaw

Shops:
D:1 ?


Innate Abilities, Weirdness & Mutations

You have very sharp teeth.
Your uncanny sense of smell can sniff out nearby items.
Your experience applies equally to all skills.


Message History

The gnoll misses the gnoll.
The gnoll is engulfed in noxious fumes.
The gnoll appears confused.
The gnoll hits Blork the orc with a +0 club.
Blork the orc is engulfed in noxious fumes.
Blork the orc appears confused.
Blork the orc barely misses you.
You barely miss Blork the orc.
Blork the orc is severely wounded.
The gnoll hits the gnoll with a +0 spear.
The gnoll is engulfed in noxious fumes.
The gnoll appears confused.
Blork the orc hits you with a +0 hand axe!
You completely miss Blork the orc.
You bite Blork the orc, but do no damage.
Blork the orc is severely wounded.
Blork the orc hits himself with a +0 hand axe!
Blork the orc is killed!
Unknown command.
The gnoll hits you with a +1 spear of venom!
You are lethally poisoned!
There is an open door, spattered with blood here.
Items here: ! ) [ †.
You catch the helpless gnoll completely off-guard!
You puncture the gnoll!
You kill the gnoll!
* * * LOW HITPOINT WARNING * * *
You feel very sick.
The gnoll hits you with a +1 spear of venom.
* * * LOW HITPOINT WARNING * * *
You are more poisoned.
It was a potion of berserk rage.
A red film seems to cover your vision as you go berserk!
You feel yourself moving faster!
You feel mighty!
* * * LOW HITPOINT WARNING * * *
You feel very sick.
You barely miss the gnoll. You bite the gnoll.
You kill the gnoll!
* * * LOW HITPOINT WARNING * * *
You feel very sick.
You barely miss the gnoll. You bite the gnoll.
You kill the gnoll!
You die...

###############
##.##...#.......
#.......#.......
#.......#.......
#.......#)......
#.......@)......
###'############
##...####.....##.
+............†...
#................ ..#
#................ ...
#...# ##...##...##..##.
#.#### ##...##
######...###+#####.#..#
.#.....+
#.....#..........#.


There were no monsters in sight!

Vanquished Creatures
  A phantom (D:4)
  Blork the orc (D:4)
  A hound (D:4)
  An iguana (D:4)
  Natasha (twice) (D:4)
  6 gnolls
  5 adders
  A worm (D:2)
  2 dart slugs
  2 endoplasms
  A giant cockroach (D:1)
  10 goblins
  6 hobgoblins
  2 quokkas
  A ball python (D:3)
  4 bats
  2 frilled lizards (D:2)
  4 kobolds
  3 rats
55 creatures vanquished.

Notes
Turn   | Place    | Note
-------+----------+-------------------------------------------
     0 | D:1      | Ashen the Gnoll Hedge Wizard began the quest for the Orb.
     0 | D:1      | Reached XP level 1. HP: 13/13 MP: 8/8
   299 | D:1      | Reached XP level 2. HP: 19/19 MP: 10/10
   301 | D:1      | Found Cehili's Magic Scroll Shoppe.
   350 | D:1      | Bought a scroll of identify for 22 gold pieces
  1173 | D:2      | HP: 1/20 [worm (7)]
  1178 | D:2      | Learned a level 2 spell: Blink
  1325 | D:2      | Found an ancient bone altar of Kikubaaqudgha.
  1348 | D:2      | Reached XP level 3. HP: 25/25 MP: 4/11
  1456 | D:2      | Found a faded altar of an unknown god.
  1735 | D:2      | Reached skill level 1 in Invocations
  1917 | D:3      | Found a blossoming altar of Fedhas.
  1969 | D:3      | Reached skill level 1 in Fighting
  1969 | D:3      | Reached skill level 1 in Short Blades
  1969 | D:3      | Reached skill level 1 in Long Blades
  1969 | D:3      | Reached skill level 1 in Axes
  1969 | D:3      | Reached skill level 1 in Maces & Flails
  1969 | D:3      | Reached skill level 1 in Polearms
  1969 | D:3      | Reached skill level 1 in Staves
  1969 | D:3      | Reached skill level 1 in Ranged Weapons
  1969 | D:3      | Reached skill level 1 in Throwing
  1969 | D:3      | Reached skill level 1 in Armour
  1969 | D:3      | Reached skill level 1 in Shields
  1969 | D:3      | Reached skill level 1 in Unarmed Combat
  1969 | D:3      | Reached skill level 1 in Evocations
  2050 | D:3      | Learned a level 3 spell: Mephitic Cloud
  2057 | D:3      | Found a shadowy altar of Dithmenos.
  2186 | D:3      | Reached XP level 4. HP: 32/32 MP: 8/13
  2503 | D:3      | Found an ancient bone altar of Kikubaaqudgha.
  2539 | D:3      | Reached skill level 1 in Hexes
  2539 | D:3      | Reached skill level 1 in Necromancy
  2539 | D:3      | Reached skill level 1 in Transmutations
  2539 | D:3      | Reached skill level 1 in Fire Magic
  2539 | D:3      | Reached skill level 1 in Ice Magic
  2539 | D:3      | Reached skill level 1 in Air Magic
  2539 | D:3      | Reached skill level 1 in Earth Magic
  2539 | D:3      | Reached skill level 1 in Poison Magic
  2976 | D:4      | Reached XP level 5. HP: 37/37 MP: 12/14
  2994 | D:4      | Noticed Natasha
  3003 | D:4      | Killed Natasha
  3102 | D:4      | Found a hide-covered altar of Uskayaw.
  3235 | D:4      | Noticed a phantom
  3261 | D:4      | Killed a phantom
  3262 | D:4      | Reached XP level 6. HP: 4/44 MP: 0/16
  3490 | D:4      | Noticed Natasha
  3505 | D:4      | Killed Natasha
  3506 | D:4      | Reached skill level 5 in Dodging
  3825 | D:4      | Noticed Blork the orc
  3836 | D:4      | Killed Blork the orc
  3840 | D:4      | HP: 1/66 [poisoned by a gnoll]
  3841 | D:4      | Succumbed to a gnoll's poison

Illustrated notes

Levels and vault maps discovered:
D:1:      lemuel_arrival_room, layout_basic, serial_shops,
          nicolae_shop_hallway_plus
D:2:      wander_river, layout_loops_cross, basic_altar,
          ebering_ecumenical_altar_petrified
D:3:      layout_basic, mainiacjoe_overflow_surrounded_room,
          overflow_temple_1_default, overflow_temple_1_default
D:4:      layout_gridville, old_standard_altar, minmay_liquid_box, uniq_robin,
          uniq_natasha, uniq_blork_the_orc

Skill      XL: |  1  2  3  4  5  6 |
---------------+-------------------+-----
Conjurations   | 2 |  2.8
Summonings     | 2 |  2.8
Translocations | 2 |  2.8
Invocations    | 1 2 |  2.4
Fighting       | 1 2 |  2.2
Short Blades   | 1 2 |  2.2
Long Blades    | 1 2 |  2.2
Axes           | 1 2 |  2.2
Maces & Flails | 1 2 |  2.2
Polearms       | 1 2 |  2.2
Staves         | 1 2 |  2.2
Ranged Weapons | 1 2 |  2.2
Throwing       | 1 2 |  2.2
Armour         | 1 2 |  2.2
Shields        | 1 2 |  2.2
Unarmed Combat | 1 2 |  2.2
Evocations     | 1 2 |  2.2
Hexes          | 1 |  1.7
Necromancy     | 1 |  1.7
Transmutations | 1 |  1.7
Fire Magic     | 1 |  1.7
Ice Magic      | 1 |  1.7
Air Magic      | 1 |  1.7
Earth Magic    | 1 |  1.7
Poison Magic   | 1 |  1.7
Dodging        | 5 |  5.1
Stealth        | |  4.7
Spellcasting   | |  7.5

Action                     |  1- 3 |  4- 6 || total
---------------------------+-------+-------++-------
  Melee: Dagger            |    15 |    64 ||    79
         Whip              |     9 |       ||     9
         Bite              |     2 |     8 ||    10
   Cast: Magic Dart        |    76 |    72 ||   148
         Mephitic Cloud    |       |     7 ||     7
         Blink             |       |     2 ||     2
  Evoke: Wand              |       |     3 ||     3
    Use: Scroll            |     1 |       ||     1
         Potion            |       |     2 ||     2
   Stab: Sleeping          |     1 |     1 ||     2
         Paralysed         |       |     1 ||     1
         Confused          |       |     1 ||     1
 Armour: Robe              |     2 |    10 ||    12
  Dodge: Dodged            |    20 |    22 ||    42
  Block: Buckler           |       |    20 ||    20
